 Dungeon Crawl Stone Soup version 0.20.1-1-g8b1a95d66d (webtiles) character file.

508 Jynx the Changer (level 6, -3/51 HPs)
             Began as a Draconian Transmuter on Dec 28, 2017.
             Slain by an orc warrior
             ... wielding a +0 scimitar
              (17 damage)
             ... on level 4 of the Dungeon.
             The game lasted 00:08:27 (4144 turns).

Jynx the Changer (Draconian Transmuter)             Turns: 4144, Time: 00:08:27

Health: -3/51      AC:  6    Str: 12    XL:     6   Next: 98%
Magic:  4/10       EV: 12    Int: 13    God:
Gold:   147        SH:  0    Dex: 14    Spells: 5/11 levels left

rFire    . . .     SeeInvis .     - Unarmed
rCold    . . .     Gourm    .   (no shield)
rNeg     . . .     Faith    .   (armour unavailable)
rPois    .         Spirit   .   (helmet restricted)
rElec    .         Reflect  .   (no cloak)
rCorr    .         Harm     .   (no gloves)
MR       .....                  (no boots)
Stlth    +.........             (no amulet)
Regen    0.2/turn               (no ring)
MPRegen  0.2/turn               (no ring)

@: drained
A: unfitting armour, cold-blooded, AC +6
a: no special abilities


You were on level 4 of the Dungeon.
You were hungry.

You visited 1 branch of the dungeon, and saw 4 of its levels.

You collected 147 gold pieces.

Inventory:

Missiles
 a - 31 arrows
Scrolls
 e - 2 scrolls of magic mapping {unknown}
 h - a scroll of recharging {unknown}
 j - 2 scrolls of remove curse {unknown}
 k - 3 scrolls of enchant armour {unknown}
 m - a scroll of immolation {unknown}
 o - 3 scrolls of identify {unknown}
 q - a scroll of amnesia {unknown}
 r - a scroll of enchant weapon {unknown}
Potions
 d - 2 potions of haste {unknown}
 i - a potion of degeneration {unknown}
 l - a potion of brilliance {unknown}
 n - a potion of might {unknown}
 p - a potion of mutation {unknown}
Books
 b - a book of Changes

   Spells                             Type                      Level
   a - Beastly Appendage              Transmutation                1
   b - Sticks to Snakes               Transmutation                2
   c - Spider Form                    Transmutation/Poison         3
   d - Ice Form                       Ice/Transmutation            4
   e - Blade Hands                    Transmutation                5
Comestibles
 c - 2 bread rations
 f - 3 royal jellies
 g - 3 meat rations
 s - 2 chunks of flesh


   Skills:
 + Level 3.2(2.5) Fighting
 - Level 1.7(1.0) Dodging
 + Level 4.2(3.5) Unarmed Combat
 - Level 3.0(2.3) Spellcasting
 * Level 5.0(4.2) Transmutations
 + Level 2.2(1.4) Poison Magic


You had 5 spell levels left.
You knew the following spells:

 Your Spells              Type           Power        Failure   Level  Hunger
a - Beastly Appendage     Tmut           ##....       4%          1    #......
b - Sticks to Snakes      Tmut           ##......     6%          2    ###....
c - Spider Form           Tmut/Pois      #.........   22%         3    ###....


Dungeon Overview and Level Annotations

Branches:
Dungeon (4/15)
 Temple: D:4-7

Altars:
Sif Muna


Innate Abilities, Weirdness & Mutations

Your plain brown scales are hard. (AC +6)
You cannot fit into any form of body armour.
You are cold-blooded and may be slowed by cold attacks.


Message History

You create a snake!
You now have 31 arrows.
You are feeling hungry.
The orc warrior hits you with a scimitar!!
Your ball python bites the orc warrior but does no damage.
Your ball python grabs the orc warrior.
Your ball python constricts the orc warrior.
You hit the orc warrior but do no damage.
The orc warrior is lightly wounded.
Your water moccasin bites the orc warrior but does no damage.
The orc warrior hits you with a scimitar!
* * * LOW HITPOINT WARNING * * *
Your ball python bites the orc warrior.
Your ball python constricts the orc warrior.
You barely miss the orc warrior.
The orc warrior is lightly wounded.
Your water moccasin bites the orc warrior!
Your ball python bites the orc warrior.
Your ball python constricts the orc warrior.
The orc warrior hits you with a scimitar!
You die...

##### ####...####
###.........###
#........<....##
##..............#
##...............#
#..>.............#
#.....S.........##
#.....@S.......##
#......o......##
#.....S......##
#...........## ###
####.......##
##..### ####.####
##.....## #..##
##.......##
##..###.........#
##..#...........


You could see an orc warrior, a friendly water moccasin and 2 friendly ball
pythons.

Vanquished Creatures
  A scorpion (D:3)
  3 wights (D:3)
  A bullfrog zombie (D:3)
  An iguana (D:4)
  Natasha (D:3)
  A worker ant (D:3)
  3 adders (D:2)
  3 worms (D:2)
  2 dart slugs
  4 leopard geckos
  3 orcs (D:4)
  5 bats
  7 giant cockroaches
  6 hobgoblins
  2 quokkas (D:2)
  2 ball pythons (D:3)
  2 frilled lizards
  5 goblins
  7 kobolds
  13 rats
72 creatures vanquished.

Vanquished Creatures (collateral kills)
  Sigmund (D:3)
  Natasha (D:3)
  A kobold (D:3)
3 creatures vanquished.

Grand Total: 75 creatures vanquished

Notes
Turn   | Place    | Note
-------+----------+-------------------------------------------
     0 | D:1      | Jynx the Draconian Transmuter began the quest for the Orb.
     0 | D:1      | Reached XP level 1. HP: 16/16 MP: 3/3
   392 | D:1      | Reached XP level 2. HP: 18/23 MP: 3/5
   986 | D:2      | Reached XP level 3. HP: 28/28 MP: 4/6
   999 | D:2      | Reached skill level 3 in Transmutations
  1207 | D:2      | Found a deep blue altar of Sif Muna.
  1278 | D:2      | Found a faded altar of an unknown god.
  1459 | D:2      | Reached XP level 4. HP: 31/36 MP: 5/7
  1866 | D:2      | Learned a level 2 spell: Sticks to Snakes
  1870 | D:2      | Learned a level 3 spell: Spider Form
  1947 | D:3      | Noticed Sigmund
  2569 | D:3      | Reached XP level 5. HP: 33/42 MP: 8/8
  2673 | D:4      | Reached skill level 4 in Transmutations
  2673 | D:4      | Reached skill level 1 in Poison Magic
  2867 | D:4      | Noticed an orc warrior
  2923 | D:4      | HP: 1/42 [orc warrior/scimitar (5)]
  2938 | D:3      | HP: 1/42 [wight/enchanted short sword (2)]
  3275 | D:3      | Reached XP level 6. HP: 44/50 MP: 2/10
  3577 | D:3      | Killed Sigmund
  3739 | D:3      | Noticed Natasha
  3747 | D:3      | Killed Natasha
  3914 | D:3      | Noticed Natasha
  3925 | D:3      | Killed Natasha
  3925 | D:3      | Reached skill level 5 in Transmutations
  4144 | D:4      | Slain by an orc warrior

Skill      XL: |  1  2  3  4  5  6 |
---------------+-------------------+-----
Transmutations | 3 4 5 |  5.0
Fighting       | 2 3 |  3.2
Poison Magic   | 1 2 |  2.2
Unarmed Combat | 4 |  4.2
Spellcasting   | 3 |  3.0
Dodging        | |  1.7

Action                   |  1- 3 |  4- 6 || total
-------------------------+-------+-------++-------
Melee: Unarmed           |   160 |   168 ||   328
       Tailslap          |    12 |    16 ||    28
       Kick              |    15 |    11 ||    26
       Headbutt          |     4 |    10 ||    14
       Punch             |     2 |       ||     2
 Cast: Beastly Appendage |    24 |    22 ||    46
       Sticks to Snakes  |       |    21 ||    21
  Use: Scroll            |     2 |     1 ||     3
 Stab: Distracted        |       |     2 ||     2
  Eat: Chunk             |     2 |     6 ||     8
       Bread ration      |       |     1 ||     1
Armor: Skin              |    52 |    32 ||    84
Dodge: Dodged            |   103 |    81 ||   184
